 Dungeon Crawl Stone Soup version 0.26.1-2-gb8aa6d0cf2 (webtiles) character file.

Game seed: 5108400489686860978

9148 sking99 the Destroyer (level 11, 0/67 HPs)
             Began as a Deep Elf Conjurer on Feb 18, 2021.
             Was a Believer of Sif Muna.
             Slain by an unseen horror (6 damage)
             ... on level 9 of the Dungeon.
             The game lasted 00:36:25 (12247 turns).

sking99 the Destroyer (Deep Elf Conjurer)          Turns: 12247, Time: 00:36:26

Health: 0/67       AC: 13    Str:  7    XL:     11   Next: 19%
Magic:  21/25      EV:  9    Int: 24    God:    Sif Muna [**....]
Gold:   538        SH:  0    Dex: 13    Spells: 17/27 levels left

rFire    . . .     SeeInvis .   b - +9 staff of Olgreb {rPois∞}
rCold    . . .     Faith    .   (no shield)
rNeg     . . .     Spirit   .   t - +3 scale mail {Will+}
rPois    ∞         Reflect  .   (no helmet)
rElec    .         Harm     .   s - +2 cloak
rCorr    .         Rampage  .   (no gloves)
Will     +++..                  (no boots)
Stlth    +.........             (no amulet)
HPRegen  0.21/turn              x - ring of willpower
MPRegen  0.19/turn              c - +4 ring of slaying

@: no status effects
A: no striking features
a: Renounce Religion, Channel Magic


You were on level 9 of the Dungeon.
You worshipped Sif Muna.
Sif Muna was pleased with you.
You visited 2 branches of the dungeon, and saw 10 of its levels.

You collected 538 gold pieces.

Inventory:

Hand Weapons
 b - the +9 staff of Olgreb (weapon) {rPois∞}
   (You found it on level 6 of the Dungeon)

   It grants immunity to poison.
 i - a +2 dagger of venom
Armour
 a - a +0 robe
 s - a +2 cloak (worn)
 t - a +3 scale mail of willpower (worn)
Jewellery
 c - a +4 ring of slaying (right hand)
 d - an uncursed ring of protection from cold
 h - an uncursed ring of protection from fire
 x - a ring of willpower (left hand)
Wands
 p - a wand of random effects (41)
Scrolls
 f - a scroll of fear
 m - 3 scrolls of teleportation
 n - 4 scrolls of remove curse
 o - 3 scrolls of blinking
 y - 2 scrolls of enchant weapon {unknown}
Potions
 e - 3 potions of might
 g - 2 potions of curing
 j - 3 potions of flight {unknown}
 k - 6 potions of heal wounds
 l - a potion of ambrosia
 q - 5 potions of attraction
 r - a potion of lignification
 u - a potion of degeneration {unknown}
 v - a potion of cancellation {unknown}
 w - a potion of resistance {unknown}
 z - a potion of magic {unknown}
 A - 2 potions of berserk rage {unknown}


   Skills:
 + Level 7.3 Fighting
 - Level 3.5 Armour
 - Level 6.1 Dodging
 - Level 2.9 Stealth
 - Level 8.9 Spellcasting
 + Level 11.2 Conjurations
 - Level 9.1 Hexes
 + Level 1.4 Invocations
 + Level 1.4 Evocations


You had 17 spell levels left.
You knew the following spells:

 Your Spells              Type           Power        Failure   Level
a - Magic Dart            Conj           100%         1%          1
b - Searing Ray           Conj           100%         1%          2
c - Fulminant Prism       Conj/Hex       28%          10%         4
d - Dazzling Flash        Conj/Hex       100%         3%          3

Your spell library contained the following spells:

 Spells                   Type           Power        Failure   Level
 Slow                     Hex            53%          2%          2
 Confusing Touch          Hex            53%          4%          3
 Conjure Flame            Conj/Fire      37%          19%         3
 Mephitic Cloud           Conj/Pois/Air  42%          38%         3
 Iskenderun's Mystic Bla  Conj/Tloc      37%          52%         4
 Blink                    Tloc           N/A          67%         2
 Call Imp                 Summ           10%          67%         2
 Gell's Gravitas          Tloc           5%           88%         3
 Metabolic Englaciation   Hex/Ice        16%          95%         5
 Yara's Violent Unravell  Hex/Tmut       16%          95%         5
 Petrify                  Tmut/Erth      10%          99%         4


Dungeon Overview and Level Annotations

Branches:
Dungeon (9/15)             Temple (1/1) D:7            Lair (0/6) D:8
    Orc: D:9-12

Altars:
Ashenzari
Cheibriados
Dithmenos
Elyvilon
Fedhas
Gozag
Hepliaklqana
Kikubaaqudgha
Makhleb
Nemelex Xobeh
Okawaru
Qazlal
Ru
Sif Muna
Trog
Uskayaw
Vehumet
Wu Jian
Xom
Yredelemnul
Zin
The Shining One

Annotations:
D:3 3 runed translucent doors, Jaiteiro's ghost, amateur VSFi
D:6 4 runed translucent doors, MirrMurr's ghost, novice DsGl


Message History

You don't know that spell.
Okay, then.
Casting: Searing Ray (safe; 1% risk of failure)
Confirm with . or Enter, or press ? or * to list all spells.
Aiming: Searing Ray (safe; 1% risk of failure)
Press: ? - help, Shift-Dir - straight line (Press . to maintain the ray.)
Something hits you but does no damage. Something hits you.
* * * LOW HITPOINT WARNING * * *
Something hits you but does no damage. Something hits you.
* * * LOW HITPOINT WARNING * * *
Something hits you but does no damage.
You finish channeling your searing ray.
Something hits you.
* * * LOW HITPOINT WARNING * * *
Something hits you but does no damage. Something hits you!
* * * LOW HITPOINT WARNING * * *
Something hits you.
You die...

.....#..# #.##.............##
......#..##.................##
.........##......)#..........#.
..............##...............
...........###.#....###........
#.......##.# #.....###<........
##.....#.#.# ##....##....###...
##....##..#####.........# #.
#....##......#@........# #
#..........#......####.#
###..##..###>.....#[# .#
...####..# ##....##.# .# #.##
##.# #.....# .. .. #..# #.#
#....... ##.# #.. ........ .#
#.......###.. .. .####... ..


There were no monsters in sight!

Vanquished Creatures
  Erolcha (D:9)
  3 two-headed ogres (D:8)
  Pikel (D:8)
  Sigmund (D:2)
  5 yaks (D:8)
  2 wyverns (D:8)
  Eustachio (D:5)
  A basilisk (D:8)
  Edmund (D:5)
  2 soldier ants (D:6)
  6 water moccasins
  2 orc warriors
  4 phantoms
  2 ogres
  2 centaurs (D:8)
  A bullfrog (D:7)
  A big kobold (D:7)
  3 scorpions
  8 killer bees (D:6)
  11 wights
  4 howler monkeys
  A quasit (D:5)
  4 hounds
  A jelly (D:5)
  3 orc priests
  2 centaur skeletons (D:6)
  Crazy Yiuf (D:5)
  Ijyb (D:5)
  Natasha (thrice) (D:2)
  3 iguanas
  11 orc wizards
  16 worker ants
  2 hound zombies (D:6)
  A hound skeleton (D:4)
  13 adders
  3 gnolls (D:8)
  4 white imps
  5 ufetubi
  A worm (D:4)
  3 dart slugs
  8 leopard geckos
  39 orcs
  A ball python (D:3)
  5 bats
  10 giant cockroaches
  8 goblins
  7 hobgoblins
  8 jackals
  3 quokkas
  A ball python skeleton (D:4)
  2 frilled lizards
  A jackal zombie (D:8)
  8 kobolds
  A leopard gecko skeleton (D:5)
  A quokka skeleton (D:2)
  3 rats
246 creatures vanquished.

Vanquished Creatures (others)
  A bush (D:8)
  3 fungi (D:8)
  18 plants (D:8)
22 creatures vanquished.

Grand Total: 268 creatures vanquished

Notes
Turn   | Place    | Note
-------+----------+-------------------------------------------
     0 | D:1      | sking99 the Deep Elf Conjurer began the quest for the Orb.
     0 | D:1      | Reached XP level 1. HP: 10/10 MP: 6/6
   297 | D:1      | Reached XP level 2. HP: 15/15 MP: 0/8
   873 | D:1      | Learned a level 2 spell: Searing Ray
   999 | D:2      | Noticed Natasha
  1187 | D:2      | Reached XP level 3. HP: 19/19 MP: 3/10
  1300 | D:2      | Found an iron altar of Okawaru.
  1301 | D:2      | Noticed Sigmund
  1320 | D:2      | Killed Sigmund
  1321 | D:2      | Reached skill level 1 in Fighting
  1321 | D:2      | Reached skill level 5 in Conjurations
  1321 | D:2      | Reached XP level 4. HP: 19/25 MP: 2/12
  1321 | D:2      | Reached XP level 5. HP: 23/29 MP: 2/13
  1868 | D:2      | Killed Natasha
  2008 | D:2      | Reached skill level 6 in Conjurations
  2528 | D:3      | Reached XP level 6. HP: 35/35 MP: 12/15
  2715 | D:2      | Noticed Natasha
  2720 | D:2      | Killed Natasha
  2755 | D:2      | Noticed Natasha
  2757 | D:2      | Killed Natasha
  3092 | D:3      | Reached skill level 5 in Spellcasting
  3945 | D:3      | Found a burning altar of Makhleb.
  4084 | D:3      | Found a runed translucent gate.
  4084 | D:3      | Found a runed translucent gate.
  4084 | D:3      | Found a runed translucent gate.
  4085 | D:3      | Noticed Jaiteiro's ghost (amateur VSFi)
  4272 | D:4      | Reached XP level 7. HP: 40/40 MP: 6/17
  4693 | D:4      | Reached skill level 7 in Conjurations
  5467 | D:5      | Entered Level 5 of the Dungeon
  5510 | D:5      | Found a sparkling altar of Nemelex Xobeh.
  5540 | D:5      | Learned a level 4 spell: Fulminant Prism
  5644 | D:5      | Noticed Eustachio
  5672 | D:5      | Killed Eustachio
  5771 | D:4      | Reached XP level 8. HP: 28/46 MP: 14/19
  5969 | D:5      | Noticed Ijyb
  5978 | D:5      | Killed Ijyb
  6133 | D:5      | Reached skill level 5 in Hexes
  6144 | D:5      | Reached skill level 8 in Conjurations
  6411 | D:5      | Noticed Edmund
  6428 | D:5      | Killed Edmund
  6962 | D:5      | Found a runed translucent door.
  6963 | D:5      | Noticed Crazy Yiuf
  7097 | D:5      | Killed Crazy Yiuf
  7276 | D:6      | Found the +9 staff of Olgreb {rPois∞}
  7287 | D:6      | Found a runed translucent gate.
  7287 | D:6      | Found a runed translucent gate.
  7288 | D:6      | Found a runed translucent door.
  7300 | D:6      | Found a runed translucent gate.
  7344 | D:6      | Found a runed translucent door.
  7610 | D:6      | Found a runed translucent gate.
  7610 | D:6      | Found a runed translucent gate.
  7676 | D:6      | Found a runed translucent gate.
  7680 | D:6      | Noticed MirrMurr's ghost (novice DsGl)
  7926 | D:6      | Reached skill level 9 in Conjurations
  8230 | D:6      | Reached XP level 9. HP: 52/52 MP: 14/21
  8379 | D:6      | Reached skill level 5 in Dodging
  9204 | D:6      | Reached skill level 10 in Conjurations
  9590 | D:7      | Found a staircase to the Ecumenical Temple.
  9601 | Temple   | Entered the Ecumenical Temple
  9694 | Temple   | Became a worshipper of Sif Muna the Loreminder
 10003 | D:7      | Reached skill level 1 in Armour
 10091 | D:7      | Reached skill level 5 in Fighting
 10246 | D:7      | Reached XP level 10. HP: 59/59 MP: 12/24
 10494 | D:8      | Reached * piety under Sif Muna
 10599 | D:8      | Noticed a two-headed ogre
 10605 | D:8      | Killed a two-headed ogre
 11041 | D:8      | Noticed Pikel
 11046 | D:8      | Killed Pikel
 11061 | D:8      | Learned a level 3 spell: Dazzling Flash
 11085 | D:8      | Found a staircase to the Lair.
 11181 | D:8      | Noticed a two-headed ogre
 11191 | D:8      | Killed a two-headed ogre
 11328 | D:8      | Found a basalt altar of Yredelemnul.
 11689 | D:8      | Noticed a two-headed ogre
 11703 | D:8      | Killed a two-headed ogre
 11704 | D:8      | Reached skill level 11 in Conjurations
 11704 | D:8      | Reached XP level 11. HP: 63/67 MP: 18/25
 12059 | D:9      | Noticed Erolcha
 12067 | D:9      | Killed Erolcha
 12068 | D:9      | Reached skill level 1 in Invocations
 12068 | D:9      | Reached skill level 1 in Evocations
 12134 | D:9      | Reached ** piety under Sif Muna
 12247 | D:9      | Slain by an unseen horror

Illustrated notes

Levels and vault maps discovered:
D:1:      minmay_arrival_shattered_statue, layout_loops_ring
D:2:      layout_loops_cross, chequers_garden, okawaru_metal_pillars_1_2,
          uniq_natasha, uniq_sigmund
D:3:      layout_basic, lightli_temple_of_fire, gammafunk_ghost_necromancy,
          kennysheep_generic_room_3
D:4:      layout_rooms
D:5:      layout_rooms, mrwooster_statue_mirror, minmay_splitting_lines,
          nemelex_altar_shiori, uniq_eustachio, uniq_crazy_yiuf_cottage,
          uniq_edmund, uniq_ijyb
D:6:      layout_basic, ebering_ghost_rock_garden, gup_sewer_entry_glass,
          minmay_guarded_unrand_staff_of_olgreb
D:7:      layout_cave_pools, minmay_temple_entry_sparse_star
D:8:      layout_gridville, minmay_lair_entry_grove, yredelemnul_altar_generic,
          uniq_pikel
D:9:      layout_layer_cave, erik_orc_1, uniq_erolcha
Temple:   grunt_wide_crystal_templ

Skill      XL: |  1  2  3  4  5  6  7  8  9 10 11 |
---------------+----------------------------------+-----
Fighting       | 1 2 3 5 7 |  7.3
Spellcasting   | 4 5 6 7 8 |  8.9
Conjurations   | 5 6 7 9 10 11 | 11.2
Hexes          | 2 3 4 6 7 9 |  9.1
Dodging        | 3 4 6 |  6.1
Armour         | 1 3 |  3.5
Invocations    | 1 |  1.4
Evocations     | 1 |  1.4
Stealth        | |  2.9

Action                   |  1- 3 |  4- 6 |  7- 9 | 10-12 || total
-------------------------+-------+-------+-------+-------++-------
Melee: Dagger            |       |     1 |       |       ||     1
       Staff             |       |       |     2 |    12 ||    14
 Cast: Magic Dart        |    50 |    68 |   110 |    41 ||   269
       Searing Ray       |     1 |    23 |    80 |    37 ||   141
Evoke: Staff of Olgreb   |       |       |       |     2 ||     2
  Use: Scroll            |       |       |    17 |       ||    17
       Potion            |       |       |     2 |       ||     2
Armor: Robe              |       |     7 |    24 |       ||    31
       Scale mail        |       |       |    11 |    51 ||    62
Dodge: Dodged            |     4 |    29 |    87 |    25 ||   145
